 Dungeon Crawl Stone Soup version 0.29.1-2-gbd0b4ee654 (webtiles) character file.

Game seed: 9812041963513268685

47 GigaChad the Shield-Bearer (level 3, -5/33 HPs)
             Began as a Minotaur Fighter on Nov 22, 2022.
             Was a Follower of the Shining One.
             Slain by a gnoll
             ... wielding a +0 spear
              (6 damage)
             ... on level 2 of the Dungeon.
             The game lasted 00:01:30 (1028 turns).

GigaChad the Shield-Bearer (Minotaur Fighter)       Turns: 1028, Time: 00:01:31

Health: -5/33      AC:  7    Str: 22    XL:     3   Next: 48%
Magic:  2/2        EV:  9    Int:  5    God:    the Shining One [*.....]
Gold:   99         SH:  4    Dex:  9    Spells: 2/2 levels left

rFire   . . .      SeeInvis .   a - +0 war axe
rCold   . . .      Faith    .   c - +0 buckler
rNeg    . . .      Spirit   .   b - +0 scale mail
rPois   .          Reflect  .   (helmet restricted)
rElec   .          Harm     .   (no cloak)
rCorr   .          Rampage  .   (no gloves)
Will    .....                   (no boots)
Stlth   ..........              (no amulet)
HPRegen 0.11/turn               (no ring)
MPRegen 0.08/turn               (no ring)

@: lethally poisoned (-5 -> -27), glowing
A: horns 2, retaliatory headbutt
a: Renounce Religion, Divine Shield


You were on level 2 of the Dungeon.
You worshipped the Shining One.
The Shining One was aware of your devotion.
You visited 1 branch of the dungeon, and saw 2 of its levels.

You collected 99 gold pieces.

Inventory:

Hand Weapons
 a - a +0 war axe (weapon)
Missiles
 e - 4 javelins (quivered)
Armour
 b - a +0 scale mail (worn)
 c - a +0 buckler (worn)
Scrolls
 f - a scroll of identify {unknown}
Potions
 d - a potion of might
 g - a potion of degeneration {unknown}
 h - a potion of invisibility {unknown}


   Skills:
 + Level 4.1 Fighting
 + Level 3.3 Axes
 + Level 4.1 Armour
 + Level 4.1 Shields


You had 2 spell levels left.
You didn't know any spells.
Your spell library contained the following spells:

 Spells                   Type           Power      Damage    Failure   Level
 Ensorcelled Hibernation  Hex/Ice        0%         N/A       95%         2
 Spider Form              Tmut/Pois      0%         N/A       99%         3
 Anguish                  Hex/Necr       0%         N/A       100%        4


Dungeon Overview and Level Annotations

Branches:
Dungeon (2/15)

Altars:
The Shining One


Innate Abilities, Weirdness & Mutations

You have a pair of horns on your head.
You reflexively headbutt those who attack you in melee.


Message History

The giant cockroach is heavily wounded.
The giant cockroach bites you but does no damage.
You hit the giant cockroach.
You kill the giant cockroach!
You see here a giant cockroach corpse.
You see here 2 stones.
You open the door.
There is an open door here. 2 gnolls come into view.
A gnoll is wielding a +2 spear of venom.
Found 7 stones.
The gnoll shouts!
There are monsters nearby!
Found a leather armour.
A gnoll comes into view. It is wielding a +0 spear.
You see here 15 gold pieces.
The gnoll hits you from afar with a +0 spear.
The gnoll hits you with a +2 spear of venom!
You are poisoned.
The gnoll hits you from afar with a +0 spear.
The gnoll attacks as you move away! You block the gnoll's attack.
Found 4 stones.
You feel very sick.
The gnoll hits you from afar with a +2 spear of venom.
The gnoll hits you but does no damage. x2
You feel sick. You block the gnoll's attack.
The gnoll hits you from afar with a +2 spear of venom.
* * * LOW HITPOINT WARNING * * *
You are lethally poisoned!
The gnoll hits you but does no damage.
You hit the gnoll but do no damage. You headbutt the gnoll!
The gnoll is almost dead.
You hit the gnoll.
* * * LOW HITPOINT WARNING * * *
You feel very sick.
The gnoll hits you from afar with a +2 spear of venom.
* * * LOW HITPOINT WARNING * * *
You are more poisoned.
The gnoll hits you with a +0 spear.
You die...

......# .[..
......# #(..##
....... ...$.#####
....... #....$..#
.......
#......##.......
#.......gg.....(
#....g.@.......
##...$..........
#....#..........
######
#....#..........
.....#
#....#..##+#####
.....# #....##..
.....####....###.#
........'....# .#
.....####....# ..


You could see 3 gnolls.

Vanquished Creatures
  2 adders (D:2)
  A worm (D:2)
  3 endoplasms
  2 giant cockroaches
  2 hobgoblins (D:1)
  4 jackals (D:1)
  A kobold (D:1)
  2 quokkas (D:1)
  A ball python (D:1)
  2 frilled lizards (D:1)
  2 goblins (D:1)
  2 rats
24 creatures vanquished.

Vanquished Creatures (others)
  A fungus (D:1)
1 creature vanquished.

Grand Total: 25 creatures vanquished

Notes
Turn   | Place    | Note
-------+----------+-------------------------------------------
     0 | D:1      | GigaChad the Minotaur Fighter began the quest for the Orb.
     0 | D:1      | Reached XP level 1. HP: 19/19 MP: 0/0
   264 | D:1      | Reached XP level 2. HP: 25/27 MP: 1/1
   431 | D:1      | Found a faded altar of an unknown god.
   445 | D:1      | Prayed at the altar of an unknown god.
   445 | D:1      | Became a worshipper of the Shining One
   445 | D:1      | Reached * piety under the Shining One
   830 | D:2      | Reached XP level 3. HP: 33/33 MP: 2/2
  1028 | D:2      | HP: 1/33 [gnoll/+2 spear of venom (2)]
  1028 | D:2      | Slain by a gnoll

Illustrated notes

Levels and vault maps discovered:
D:1:      dpeg_arrival_arbitrary_a, layout_rooms,
          shapermc_ecumenical_altar_acropolis
D:2:      layout_basic, minmay_strange_pillars, mrwooster_statue_mirror

Skill      XL: |  1  2  3 |
---------------+----------+-----
Shields        | 4 |  4.1
Fighting       | 4 |  4.1
Armour         | 4 |  4.1
Axes           | 3 |  3.3

Action                   || total
-------------------------++-------
Melee: War axe           ||    54
       Headbutt          ||     6
Armor: Scale mail        ||    36
Dodge: Dodged            ||    24
Block: Buckler           ||    15
